 Dungeon Crawl Stone Soup version 0.30-a0-632-g346586fe48 (webtiles) character file.

Game seed: 3119382919097213157

670 benadryl the Digger (level 7, 0/59 HPs)
             Began as a Troll Earth Elementalist on Jan 14, 2023.
             Slain by a troll (11 damage)
             ... on level 5 of the Dungeon.
             The game lasted 00:05:15 (3461 turns).

benadryl the Digger (Troll Earth Elementalist)      Turns: 3461, Time: 00:05:16

Health: 0/59       AC:  6    Str: 17    XL:     7   Next: 32%
Magic:  3/7        EV:  9    Int: 13    God:
Gold:   228        SH:  0    Dex: 10    Spells: 7/8 levels left

rFire   . . .      SeeInvis .    x - +2 whip (distort)
rCold   . . .      Faith    .    (no shield)
rNeg    . . .      Spirit   .    a - +0 robe
rPois   .          Reflect  .    (helmet restricted)
rElec   .          Harm     .    g - +1 cloak {Will+}
rCorr   .          Rampage  .    (gloves unavailable)
Will    +....                    (boots unavailable)
Stlth   +                        (no amulet)
HPRegen 1.09/turn                (no ring)
MPRegen 0.10/turn                (no ring)

@: no status effects
A: large, unfitting armour, claws 3, regeneration 1, shaggy fur 1, tough skin 1
a: no special abilities


You were on level 5 of the Dungeon.
You visited 1 branch of the dungeon, and saw 5 of its levels.

You collected 228 gold pieces.

Inventory:

Hand Weapons
 n - a +2 quarterstaff of chaos
 x - a +2 whip of distortion (weapon)
 y - a +0 giant spiked club
Armour
 a - a +0 robe (worn)
 g - a +1 cloak of willpower (worn)
Jewellery
 o - a ring of fire
 t - a ring of resist corrosion
Wands
 q - a wand of paralysis (8)
 r - a wand of light (4)
 A - a wand of polymorph (9)
 D - a wand of mindburst (21)
Scrolls
 e - 3 scrolls of identify {@r1}
 f - 2 scrolls of enchant weapon {unknown}
 h - a scroll of butterflies {unknown}
 i - 2 scrolls of fog {unknown}
 k - 2 scrolls of immolation {unknown}
 p - 2 scrolls of teleportation {unknown}
 s - a scroll of acquirement {unknown}
 u - a scroll of noise {unknown}
 B - a scroll of fear {unknown}
 C - a scroll of amnesia {unknown}
Potions
 b - 2 potions of magic
 c - 2 potions of brilliance
 d - a potion of resistance {unknown}
 j - 4 potions of curing {unknown}
 l - 2 potions of might {unknown}
 m - 2 potions of heal wounds {unknown}
 v - a potion of attraction {unknown}
 w - a potion of lignification {unknown}
 z - a potion of cancellation {unknown}


   Skills:
 + Level 2.1 Maces & Flails
 - Level 1.5 Dodging
 - Level 1.0 Stealth
 - Level 5.0 Unarmed Combat
 - Level 1.2 Spellcasting
 - Level 0.6 Transmutations
 * Level 5.7 Earth Magic


You had 7 spell levels left.
You knew the following spells:

 Your Spells              Type           Power      Damage    Failure   Level
a - Sandblast             Erth           30%        2d9       2%          1

Your spell library contained the following spells:

 Spells                   Type           Power      Damage    Failure   Level
 Passwall                 Tmut/Erth      7%         N/A       12%         2
 Stone Arrow              Conj/Erth      16%        3d8       26%         3
 Blink                    Tloc           0%         N/A       38%         2
 Ensorcelled Hibernation  Hex/Ice        0%         N/A       38%         2
 Momentum Strike          Conj/Tloc      0%         3d8       38%         2
 Petrify                  Tmut/Erth      9%         N/A       58%         4
 Lesser Beckoning         Tloc           0%         N/A       63%         3
 Swiftness                Air            0%         N/A       63%         3


Dungeon Overview and Level Annotations

Branches:
Dungeon (5/15)
 Temple: D:4-7

Altars:
Ashenzari
Cheibriados


Innate Abilities, Weirdness & Mutations

You are too large for most types of armour.
You have claws for hands.
Your natural rate of healing is unusually fast.
You are covered in fur. (AC +1)
You have tough skin. (AC +1)


Message History

You swing at nothing.
You swing at nothing.
Magic restored.
You open the door.
A troll comes into view.
The troll shouts!
Aiming: Sandblast (safe; 2% risk of failure)
Press: ? - help, Q - select action, (/) - cycle Shift-Dir - straight line, f - troll
Aim: a troll (82% to hit)
The blast of sand hits the troll!
The troll is moderately wounded.
Aiming: Sandblast (safe; 2% risk of failure)
Press: ? - help, Q - select action, (/) - cycle Shift-Dir - straight line, f/p - troll
Aim: a troll (moderately wounded, 82% to hit)
The blast of sand hits the troll.
The troll is heavily wounded.
You hit the troll.
The troll is heavily wounded.
The troll blinks!
Aiming: Sandblast (safe; 2% risk of failure)
Press: ? - help, Q - select action, (/) - cycle Shift-Dir - straight line, f/p - troll
Aim: a troll (heavily wounded, 82% to hit)
The blast of sand hits the troll!
The troll is severely wounded.
The troll bites you! The troll claws you!
The troll claws you but does no damage.
You barely miss the troll.
The troll is severely wounded.
The troll bites you. The troll closely misses you. The troll barely misses you.
You barely miss the troll.
The troll is severely wounded.
The troll bites you. The troll claws you. x2
Aiming: Sandblast (safe; 2% risk of failure)
Press: ? - help, Q - select action, (/) - cycle Shift-Dir - straight line, f/p - troll
Aim: a troll (severely wounded, 82% to hit)
The blast of sand misses the troll.
The troll bites you!
* * * LOW HITPOINT WARNING * * *
The troll claws you!
You die...

####....+ ##..##..##
### #....)#'### ####.##
#....##...##+#..##.#
##..##.....##....'..
##)##.......#....#.>
##..##)..8..)##..##..
#)...#[......##'##...
#...@##.....##..##...
##..#T##..†##....#...
...####..###†#†....#...
..... ...##..##..##...
#... ...+....####....
#..##..##....#.......
#..######..##......#
#.......####.......#
###..#...)..........#


You could see a troll.

Vanquished Creatures
  An ice beast (D:5)
  An ogre (D:4)
  A scorpion (D:5)
  A jelly (D:5)
  Crazy Yiuf (D:2)
  A hound (D:5)
  2 orc wizards
  2 iguanas (D:5)
  7 adders
  A gnoll (D:3)
  An ufetubus (D:5)
  2 worms (D:2)
  2 dart slugs (D:1)
  10 orcs
  5 ball pythons
  3 bats (D:2)
  5 endoplasms
  6 giant cockroaches
  10 goblins
  10 hobgoblins
  4 kobolds
  4 quokkas
  3 rats
83 creatures vanquished.

Notes
Turn   | Place    | Note
-------+----------+-------------------------------------------
     0 | D:1      | benadryl the Troll Earth Elementalist began the quest for
                  | the Orb.
     0 | D:1      | Reached XP level 1. HP: 16/16 MP: 1/1
    36 | D:1      | Reached skill level 1 in Unarmed Combat
    96 | D:1      | Reached XP level 2. HP: 24/24 MP: 0/2
   247 | D:1      | Found a faded altar of an unknown god.
   892 | D:2      | Reached XP level 3. HP: 28/31 MP: 3/3
  1105 | D:2      | Found a snail-covered altar of Cheibriados.
  1182 | D:2      | Identified the +6 hammer of Tododora {flame, rC+ Int+3}
  1184 | D:2      | Found a runed translucent door.
  1185 | D:2      | Noticed Crazy Yiuf
  1193 | D:2      | Killed Crazy Yiuf
  1194 | D:2      | Reached XP level 4. HP: 39/39 MP: 4/4
  1647 | D:3      | Paralysed by an orc for 5 turns
  1898 | D:3      | Found a broken altar of Ashenzari.
  2213 | D:3      | Reached XP level 5. HP: 42/45 MP: 5/5
  2465 | D:4      | Noticed an ogre
  2472 | D:4      | Killed an ogre
  2473 | D:4      | Reached skill level 5 in Unarmed Combat
  2654 | D:4      | Reached XP level 6. HP: 42/53 MP: 3/6
  3247 | D:5      | Entered Level 5 of the Dungeon
  3254 | D:5      | Identified the +10 short sword of the Pit {venom, rC+ Int+4
                  | Stlth-}
  3362 | D:5      | Reached skill level 1 in Maces & Flails
  3366 | D:5      | Reached skill level 5 in Earth Magic
  3396 | D:5      | Reached XP level 7. HP: 59/59 MP: 5/7
  3454 | D:5      | Noticed a troll
  3461 | D:5      | Slain by a troll

Illustrated notes

Levels and vault maps discovered:
D:1:      wander_arrival_estate, layout_basic, shapermc_ecumenical_altar_pompeii
D:2:      layout_loops_ring, basic_altar, amcnicky_mini_corridor_feature,
          corner_web_ring, minivault_25, kennysheep_big_empty_room,
          uniq_crazy_yiuf_cottage
D:3:      kennysheep_the_goblin_king, layout_basic, lemuel_doored_altar,
          kennysheep_generic_room_8
D:4:      layout_cave_pods
D:5:      minmay_bubble_buster, layout_rooms, makhleb_heckhound_becter,
          mainiacjoe_overflow_24_doors, mainiacjoe_overflow_six_doors_small,
          minmay_temple_entry_tees

Skill      XL: |  1  2  3  4  5  6  7 |
---------------+----------------------+-----
Unarmed Combat | 1 2 3 4 5 |  5.0
Earth Magic    | 3 5 |  5.7
Maces & Flails | 1 2 |  2.1
Dodging        | |  1.5
Stealth        | |  1.0
Spellcasting   | |  1.2
Transmutations | |  0.6

Action                   |  1- 3 |  4- 6 |  7- 9 || total
-------------------------+-------+-------+-------++-------
Melee: Unarmed           |    73 |    92 |       ||   165
       Whip              |       |    46 |    17 ||    63
       Punch             |       |     1 |       ||     1
 Cast: Sandblast         |       |    14 |     7 ||    21
  Use: Scroll            |     2 |       |       ||     2
       Potion            |     1 |       |       ||     1
 Stab: Sleeping          |     3 |     1 |       ||     4
Armor: Robe              |    31 |    48 |     8 ||    87
Dodge: Dodged            |    25 |    48 |     6 ||    79

Table legend: (Time is in decaauts)
 A = Elapsed time spent in this place.
 B = Non-inter-level travel time spent in this place.
 C = Inter-level travel time spent in this place.
 D = Time resting spent in this place.
 E = Time spent auto-exploring this place.
 F = Levels seen in this place.
 G = Mean time per level.
                   A        B        C        D        E       F      G
               +--------+--------+--------+--------+--------+-----+--------+
         Total |   3478 |   3359 |    119 |    183 |   2558 |   5 |  695.6 |
       Dungeon |   3478 |   3359 |    119 |    183 |   2558 |   5 |  695.6 |
               +--------+--------+--------+--------+--------+-----+--------+

Top non-repeatable levels by time:
     D:3: 912 daAuts
     D:2: 811 daAuts
     D:4: 789 daAuts
     D:1: 744 daAuts
     D:5: 220 daAuts
